 Dungeon Crawl Stone Soup version 0.24-a0-36-gf1fd2d0 (webtiles) character file.

Game seed: 9165504835343537204

238387 JeffiDaFish the Warrior (level 19, -6/120 HPs)
             Began as a Gargoyle Fighter on Feb 3, 2019.
             Was the Champion of Okawaru.
             Mangled by a deep troll earth mage (10 damage)
             ... on level 1 of the Depths.
             The game lasted 01:17:42 (38555 turns).

JeffiDaFish the Warrior (Gargoyle Fighter)         Turns: 38555, Time: 01:17:42

Health: -6/120     AC: 41    Str: 34    XL:     19   Next: 26%
Magic:  0/19       EV:  9    Int: 11    God:    Okawaru [******]
Gold:   2188       SH: 22    Dex:  8    Spells: 18/18 levels left

rFire    + . .     SeeInvis .   H - +8 mithril axe "Arga" {speed, MR+}
rCold    + + .     Gourm    .   y - +2 shield of Resistance {rF+ rC+ MR+}
rNeg     + + .     Faith    .   Q - +7 chain mail "Okhlapsao" {Int+2}
rPois    ∞         Spirit   +   i - +2 hat of the Bear Spirit {Spirit, +Rage rN+ MR++}
rElec    +         Reflect  +   o - +2 cloak {MR+}
rCorr    .         Harm     .   L - +2 pair of gloves {Str+3}
MR       +++++                  (no boots)
Stlth    ..........             K - +5 amulet of reflection
HPRegen  0.30/turn              v - +4 ring of strength
MPRegen  0.16/turn              u - ring of protection from cold

@: about to teleport, berserk cooldown, flying, slowed, very slow
A: antennae 1, big wings, clumsy 1, deformed body, frail 1, negative energy
resistance 1, electricity resistance, unbreathing, petrification resistance, rot
immunity, AC +14
}: 2/15 runes: barnacled, gossamer
a: Stop Flying, Heroism, Finesse, Renounce Religion, Evoke Berserk Rage


You were on level 1 of the Depths.
You worshipped Okawaru.
Okawaru was exalted by your worship.
You were very hungry.

You visited 6 branches of the dungeon, and saw 32 of its levels.
You also visited: Bailey.

You collected 3094 gold pieces.
You spent 906 gold pieces at shops.

Inventory:

Hand Weapons
 t - a +2 eveningstar of holy wrath
 H - the +8 mithril axe "Arga" (weapon) {speed, MR+}
   (You found it on level 6 of the Lair of Beasts)

   Attacks with this weapon are significantly faster.
   It affects your resistance to hostile enchantments.
 M - the +7 flail "Orugg" {flame, SInv}
   (Okawaru gifted it to you on level 4 of the Shoals)

   It has been specially enchanted to burn those struck by it, causing extra
   injury to most foes and up to half again as much damage against particularly
   susceptible opponents.
   It lets you see invisible.
Armour
 i - the +2 hat of the Bear Spirit (worn) {Spirit, +Rage rN+ MR++}
   (You found it on level 13 of the Dungeon)

   It protects you from negative energy.
   It affects your resistance to hostile enchantments.
   It lets you go berserk.
 o - a +2 cloak of magic resistance (worn)
 y - the +2 shield of Resistance (worn) {rF+ rC+ MR+}
   (You found it on level 10 of the Dungeon)

   It protects you from fire.
   It protects you from cold.
   It affects your resistance to hostile enchantments.
 L - a +2 pair of gloves of strength (worn)
 Q - the +7 chain mail "Okhlapsao" (worn) {Int+2}
   (You bought it in a shop on level 4 of the Shoals)

   It affects your intelligence (+2).
Jewellery
 j - an uncursed ring of protection from fire
 u - a ring of protection from cold (right hand)
 v - a +4 ring of strength (left hand)
 w - an uncursed amulet of the acrobat
 K - a +5 amulet of reflection (around neck)
 O - a +3 ring of intelligence
Wands
 k - a wand of disintegration (28)
 p - a wand of iceblast (40)
 z - a wand of acid (11)
 A - a wand of scattershot (5)
 F - a wand of digging (11)
Scrolls
 a - 8 scrolls of fog
 c - a scroll of summoning
 d - 5 scrolls of magic mapping
 e - 4 scrolls of identify
 q - 7 scrolls of amnesia
 r - 13 scrolls of remove curse
 B - 4 scrolls of blinking
 D - a scroll of fear
 P - a scroll of holy word
Potions
 b - 5 potions of haste
 g - 4 potions of ambrosia
 l - 26 potions of curing
 m - 3 potions of agility
 n - 2 potions of berserk rage
 s - 6 potions of heal wounds
 x - a potion of resistance
 C - 3 potions of might
 E - 2 potions of magic
 G - a potion of invisibility
 N - a potion of brilliance
Comestibles
 f - 45 rations
 I - 18 chunks of flesh


   Skills:
 * Level 19.8 Fighting
 * Level 12.3(14.3) Axes
 - Level 13.6(15.6) Maces & Flails
 * Level 17.6 Armour
 + Level 14.9 Shields


You had 18 spell levels left.
You didn't know any spells.
Your spell library contained the following spells:

 Spells                   Type           Power        Failure   Level  Hunger
 Animate Skeleton         Necr           N/A          67%         1    ##.....
 Apportation              Tloc           #.....       67%         1    ##.....
 Beastly Appendage        Tmut           #.....       67%         1    ##.....
 Confusing Touch          Hex            #.....       67%         1    ##.....
 Flame Tongue             Conj/Fire      #....        67%         1    ##.....
 Pain                     Necr           #...         67%         1    ##.....
 Sting                    Conj/Pois      #...         67%         1    ##.....
 Summon Butterflies       Summ           #.......     67%         1    ##.....
 Summon Small Mammal      Summ           #...         67%         1    ##.....
 Poisonous Vapours        Pois/Air       #.....       80%         2    ###....
 Shroud of Golubria       Chrm/Tloc      #.........   80%         2    ###....
 Sticks to Snakes         Tmut           #.......     80%         2    ###....
 Gell's Gravitas          Tloc           #.........   95%         3    ####...
 Mephitic Cloud           Conj/Pois/Air  #.......     95%         3    ####...
 Portal Projectile        Hex/Tloc       #.....       95%         3    ####...
 Regeneration             Chrm/Necr      #.........   95%         3    ####...
 Spider Form              Tmut/Pois      #.........   95%         3    ####...
 Summon Guardian Golem    Hex/Summ       #.......     95%         3    ####...
 Vampiric Draining        Necr           #.........   95%         3    ####...
 Animate Dead             Necr           N/A          100%        4    #####..
 Cause Fear               Hex            #.........   100%        4    #####..
 Force Lance              Conj/Tloc      #.......     100%        4    #####..
 Ice Form                 Ice/Tmut       #.......     100%        4    #####..
 Olgreb's Toxic Radiance  Pois           #.......     100%        4    #####..
 Aura of Abjuration       Summ           #.........   100%        5    ######.
 Blade Hands              Tmut           #.........   100%        5    ######.
 Silence                  Hex/Air        #.........   100%        5    ######.
 Venom Bolt               Conj/Pois      #.........   100%        5    ######.
 Yara's Violent Unravell  Hex/Tmut       #.........   100%        5    ######.
 Bolt of Fire             Conj/Fire      #.........   100%        6    #######
 Deflect Missiles         Chrm/Air       #.........   100%        6    #######
 Dispersal                Tloc           #.........   100%        6    #######
 Dragon Form              Tmut           #.........   100%        7    #######
 Summon Hydra             Summ           #.........   100%        7    #######
 Discord                  Hex            #.........   100%        8    #######
 Dragon's Call            Summ           #.........   100%        9    #######


Dungeon Overview and Level Annotations

Branches:
Dungeon (15/15)            Temple (0/1) D:6            Lair (6/6) D:9
 Shoals (4/4) Lair:4       Spider (4/4) Lair:3        Slime (0/5) Lair:6
    Orc (2/2) D:12            Elf (0/3) Orc:2        Vaults (0/5) D:14
 Depths (1/5) D:15

Altars:
Ashenzari
Cheibriados
Dithmenos
Elyvilon
Gozag
Makhleb
Nemelex Xobeh
Okawaru
Qazlal
Ru
Sif Muna
Trog
Xom
Yredelemnul
Jiyva

Shops:
D:7 }   Orc:2 ([[(   Shoals:1 *   Shoals:4 [

Portals:
Abyss: Depths:1
Ziggurat: Depths:1

Annotations:
D:10 1 runed translucent door
Lair:3 exclusion: oklob plant
Spider:1 1 transporter
Depths:1 Nikola


Innate Abilities, Weirdness & Mutations

You are resistant to torment.
Your stone body is resilient. (AC +14)
You are immune to poison.
Your large and strong wings let you fly indefinitely.
You resist negative energy. (rN+)
You are resistant to electric shocks. (rElec)
You can survive without breathing.
You are immune to petrification.
You are immune to rotting.
You have a pair of small antennae on your head.
You are clumsy. (Dex -2)
Armour fits poorly on your strangely shaped body.
You are frail. (-10% HP)


Message History

You block the black mamba's attack.
The deep troll shaman calls upon its god to strengthen the deep troll.
The deep troll seems to grow stronger.
The deep troll bites you but does no damage.
The deep troll claws you but does no damage.
You block the deep troll's attack. The deep troll earth mage bites you!
* * * LOW HITPOINT WARNING * * *
The deep troll earth mage claws you but does no damage. x2
You feel much better.
You are no longer corroded.
You block the black mamba's attack. You block the deep troll's attack. x2
The deep troll claws you!!
* * * LOW HITPOINT WARNING * * *
The black mamba barely misses you. You block the deep troll's attack.
The deep troll closely misses you. You block the deep troll's attack.
The deep troll bites you!
* * * LOW HITPOINT WARNING * * *
The deep troll claws you but does no damage.
The deep troll barely misses you. The deep troll earth mage bites you!
You die...

...###
#......
##.T.....
##........
##..@.....#
##.........#
#..S.......#
#..@T....# .
#..TT....#
..
#.........##
..
#....T....#
..
#.##......#
.. #.
#.......# .#
# .........#
. ##.......#
.#


You could see Nikola, 2 deep trolls, 2 deep troll earth magi, a deep troll
shaman and a black mamba.

Vanquished Creatures
  Saint Roka (Orc:1)
  Rupert (D:13)
  A lich (Depths:1)
  Ilsuiw (Shoals:4)
  A frost giant (Depths:1)
  3 ghost moths (Spider:4)
  2 emperor scorpions (Spider:4)
  Louise (Spider:1)
  6 very ugly things
  5 entropy weavers
  The ghost of airin the Basher, a journeyman DsWz of Okawaru (D:13)
  2 stone giants (Depths:1)
  7 spark wasps
  3 ettins
  3 merfolk javelineers (Shoals:4)
  Snorg (D:13)
  2 great orbs of eyes (Depths:1)
  5 fire dragons
  3 merfolk impalers (Shoals:4)
  4 ice dragons
  Erolcha (Orc:2)
  A rakshasa (Depths:1)
  Harold (D:7)
  2 merfolk avatars
  An alligator snapping turtle (Shoals:1)
  5 merfolk aquamancers (Shoals:4)
  7 hydras
  A catoblepas (Lair:6)
  The ghost of Larett the Cleaver, a novice MiBe of Trog (D:9)
  A death knight (D:12)
  8 two-headed ogres
  4 centaur warriors
  A deep troll shaman (Depths:1)
  5 tengu warriors
  2 ogre magi
  4 orc high priests (Orc:2)
  3 deep troll earth magi
  A satyr (Shoals:3)
  Urug (Orc:1)
  2 hell knights (Depths:1)
  3 iron trolls (Depths:1)
  7 deep trolls
  14 sea snakes
  3 unseen horrors
  2 lindwurms
  2 necromancers (Depths:1)
  7 orc knights
  7 harpies (Shoals:3)
  2 ugly things
  21 orb spiders
  7 orc sorcerers
  11 fauns
  A deep elf mage (D:14)
  23 wolf spiders
  7 merfolk sirens
  14 manticores
  4 moths of wrath
  6 cyclopes
  6 black mambas
  2 torpor snails
  10 elephants
  6 water nymphs
  2 molten gargoyles (Lair:6)
  A gargoyle (D:14)
  A freezing wraith (D:12)
  11 spiny frogs
  A kobold demonologist (D:14)
  An efreet (D:15)
  10 komodo dragons
  9 yaktaurs
  14 demonic crawlers
  2 rime drakes (Shoals:2)
  34 jumping spiders
  6 trolls
  A tengu conjurer (Depths:1)
  24 merfolk
  A harpy zombie (D:15)
  A polar bear (Lair:6)
  6 wind drakes
  Grinder (D:5)
  7 hornets
  17 blink frogs
  12 hippogriffs
  7 snapping turtles
  4 slime creatures (D:13)
  4 dream sheep (Shoals:4)
  76 redbacks
  4 wraiths
  20 tarantellas
  A shadow (D:14)
  4 basilisks
  16 water elementals
  A vampire (D:14)
  33 yaks
  8 wyverns
  2 hungry ghosts
  3 steam dragons
  Edmund (D:6)
  4 vampire mosquitoes (D:15)
  A warg (Orc:1)
  8 water moccasins
  An acid dragon (D:13)
  3 hell hounds (Lair:6)
  35 orc warriors
  6 porcupines
  5 sky beasts
  4 ice beasts
  A necrophage (D:7)
  16 ogres
  A tengu (shapeshifter) (Depths:1)
  4 wolves
  4 phantoms
  7 centaurs
  An eye of draining (D:11)
  11 crocodiles
  5 big kobolds
  15 bullfrogs
  A gnoll sergeant (D:12)
  A water moccasin skeleton (D:4)
  3 scorpions
  4 wyvern skeletons
  2 wights (D:10)
  3 howler monkeys (D:9)
  3 electric eels
  A vampire bat (D:3)
  7 crimson imps
  8 jellies
  5 lava snakes (Lair:6)
  12 hounds
  Crazy Yiuf (D:5)
  A gnoll shaman (D:7)
  16 orc priests
  A bullfrog skeleton (D:4)
  3 centaur skeletons
  2 iguanas
  23 orc wizards
  8 worker ants
  2 hound zombies
  A mummy (D:10)
  14 gnolls
  A howler monkey skeleton (D:7)
  10 adders
  2 shadow imps
  5 oozes (D:8)
  2 adder skeletons (D:7)
  A dart slug (D:6)
  3 fire bats (D:3)
  9 leopard geckos
  84 orcs
  2 spectral bats (D:3)
  A ball python (D:7)
  19 bats
  3 bat skeletons (D:3)
  A bat zombie (D:3)
  5 giant cockroaches
  9 goblins
  13 hobgoblins
  5 jackals
  26 kobolds
  4 quokkas
  A bat simulacrum (D:3)
  5 frilled lizards
  A jackal skeleton (D:4)
  A quokka skeleton (D:4)
  A quokka zombie (D:7)
  5 rats
  A fungus (D:5)
  3 plants
1093 creatures vanquished.

Vanquished Creatures (others)
  3 merfolk javelineers (Shoals:4)
  2 satyrs
  A harpy (Shoals:3)
  A wolf spider (Spider:2)
  2 fauns
  3 yaktaurs (Depths:1)
  A redback (Spider:4)
  A centaur (Shoals:1)
  3 orc wizards
  2 orcs
  2 fungi
  8 plants
29 creatures vanquished.

Grand Total: 1122 creatures vanquished

Notes
Turn   | Place    | Note
-------+----------+-------------------------------------------
     0 | D:1      | JeffiDaFish the Gargoyle Fighter began the quest for the
                  | Orb.
     0 | D:1      | Reached XP level 1. HP: 14/14 MP: 1/1
   128 | D:1      | Reached XP level 2. HP: 19/19 MP: 2/2
   450 | D:1      | Reached XP level 3. HP: 21/24 MP: 3/3
   957 | D:2      | Found an iron altar of Okawaru.
   957 | D:2      | Found a bloodstained altar of Trog.
   964 | D:2      | Became a worshipper of Warmaster Okawaru
  1006 | D:2      | Reached skill level 4 in Fighting
  1041 | D:2      | Reached XP level 4. HP: 28/29 MP: 4/4
  1832 | D:3      | Reached XP level 5. HP: 26/34 MP: 5/5
  2132 | D:3      | Reached * piety under Okawaru
  2132 | D:3      | Reached skill level 5 in Fighting
  2132 | D:3      | Reached XP level 6. HP: 39/40 MP: 6/6
  2543 | D:4      | Reached XP level 7. HP: 27/44 MP: 7/7
  2686 | D:4      | Found a shadowy altar of Dithmenos.
  2794 | D:4      | Found a sacrificial altar of Ru.
  2799 | D:4      | Found a deep blue altar of Sif Muna.
  2829 | D:4      | Found a basalt altar of Yredelemnul.
  3037 | D:5      | Entered Level 5 of the Dungeon
  3101 | D:5      | Reached skill level 6 in Fighting
  3113 | D:5      | Noticed Grinder
  3120 | D:5      | Paralysed by Grinder for 3 turns
  3127 | D:5      | Reached ** piety under Okawaru
  3127 | D:5      | Reached skill level 5 in Maces & Flails
  3127 | D:5      | Reached skill level 5 in Armour
  3130 | D:5      | Paralysed by Grinder for 5 turns
  3140 | D:5      | Killed Grinder
  3140 | D:5      | Reached skill level 5 in Shields
  3140 | D:5      | Reached XP level 8. HP: 22/52 MP: 8/8
  3810 | D:5      | Reached skill level 7 in Fighting
  3872 | D:5      | Found a stormy altar of Qazlal.
  4216 | D:5      | Found a runed translucent door.
  4217 | D:5      | Noticed Crazy Yiuf
  4227 | D:5      | Killed Crazy Yiuf
  4371 | D:6      | Found a staircase to the Ecumenical Temple.
  4424 | D:6      | You fall through a shaft for 3 floors!
  4763 | D:8      | Reached *** piety under Okawaru
  4770 | D:8      | Reached XP level 9. HP: 59/59 MP: 9/9
  4878 | D:6      | Reached skill level 8 in Fighting
  5355 | D:6      | Noticed Edmund
  5364 | D:6      | Killed Edmund
  5592 | D:6      | Found a white marble altar of Elyvilon.
  5695 | D:6      | Found a snail-covered altar of Cheibriados.
  5828 | D:7      | Noticed Harold
  5852 | D:7      | Killed Harold
  5852 | D:7      | Reached **** piety under Okawaru
  5852 | D:7      | Reached skill level 9 in Fighting
  6026 | D:7      | Found a shattered altar of Ashenzari.
  6072 | D:7      | Reached XP level 10. HP: 55/66 MP: 10/10
  6104 | D:7      | Identified the +8 war axe of Wariness {freeze, +Rage} (You
                  | found it on level 7 of the Dungeon)
  6211 | D:7      | Found Urushum's Gadget Emporium.
  6811 | D:8      | Reached ***** piety under Okawaru
  6922 | D:8      | You fall through a shaft!
  7217 | D:9      | Reached skill level 10 in Fighting
  7303 | D:9      | Found a transporter.
  7405 | D:9      | Noticed a moth of wrath
  7406 | D:9      | Noticed a cyclops
  7478 | D:9      | Noticed a two-headed ogre
  7491 | D:9      | Noticed Larett's ghost (novice MiBe)
  7517 | D:9      | Found a transporter.
  7525 | D:9      | Found a bloodstained altar of Trog.
  7625 | D:9      | Found a sparkling altar of Nemelex Xobeh.
  7626 | D:9      | Found an opulent altar of Gozag.
  7902 | D:9      | Found a staircase to the Lair.
  7970 | D:9      | Found a burning altar of Makhleb.
  7972 | D:9      | Found a shimmering altar of Xom.
  7986 | D:10     | Entered Level 10 of the Dungeon
  8044 | D:10     | Noticed a fire dragon
  8054 | D:10     | Found a runed translucent door.
  8054 | D:10     | Noticed an ice dragon
  8055 | D:10     | Found the +2 shield of Resistance {rF+ rC+ MR+}
  8055 | D:10     | Noticed a fire dragon
  8056 | D:10     | Noticed an ice dragon
  8144 | D:10     | Received a gift from Okawaru
  8687 | D:10     | Found a runed translucent door.
  8953 | D:10     | Received a gift from Okawaru
  8977 | D:10     | Reached XP level 11. HP: 30/73 MP: 5/11
  9316 | Lair:1   | Entered Level 1 of the Lair of Beasts
  9380 | Lair:1   | Reached skill level 11 in Fighting
  9851 | Lair:1   | Reached skill level 10 in Maces & Flails
 11662 | Lair:3   | Noticed an eight-headed hydra
 11671 | Lair:3   | Killed an eight-headed hydra
 12019 | Lair:3   | Noticed a five-headed hydra
 12039 | Lair:2   | Received a gift from Okawaru
 12625 | Lair:3   | Reached skill level 12 in Fighting
 12902 | Lair:3   | Noticed an orb spider
 12907 | Lair:3   | Found a hole to the Spider Nest.
 12912 | Lair:3   | Killed an orb spider
 13001 | Lair:3   | Killed a five-headed hydra
 13001 | Lair:3   | Received a gift from Okawaru
 13001 | Lair:3   | Reached XP level 12. HP: 42/81 MP: 5/12
 13926 | Lair:4   | Found a staircase to the Shoals.
 14005 | Lair:4   | Received a gift from Okawaru
 14070 | Lair:4   | Noticed a seven-headed hydra
 14090 | Lair:4   | Killed a seven-headed hydra
 14400 | Lair:4   | Reached ****** piety under Okawaru
 15274 | Lair:5   | Received a gift from Okawaru
 15281 | Lair:5   | Reached skill level 13 in Fighting
 15325 | Lair:5   | Identified a scroll of acquirement
 15412 | Lair:5   | Reached skill level 10 in Shields
 15599 | Lair:5   | Reached skill level 10 in Armour
 15987 | Lair:6   | Entered Level 6 of the Lair of Beasts
 16016 | Lair:6   | Noticed a catoblepas
 16050 | Lair:6   | Killed a catoblepas
 16050 | Lair:6   | Reached XP level 13. HP: 59/88 MP: 8/13
 16862 | Lair:6   | Reached skill level 14 in Fighting
 17197 | Lair:6   | Received a gift from Okawaru
 17200 | Lair:6   | Identified the +2 dire flail of War {crush, *Drain rElec
                  | MR+} (Okawaru gifted it to you on level 6 of the Lair of
                  | Beasts)
 17201 | Lair:6   | Found a staircase to the Slime Pits.
 17202 | Lair:6   | Found a viscous altar of Jiyva.
 18191 | Lair:6   | Noticed a fire dragon
 18285 | Lair:6   | Received a gift from Okawaru
 18297 | Lair:6   | Identified the +10 dire flail "Fivuux" {crush, *Drain Int+4
                  | Dex+2} (Okawaru gifted it to you on level 6 of the Lair of
                  | Beasts)
 18490 | Lair:6   | Gained mutation: Your large and strong wings let you fly
                  | indefinitely. [Gargoyle growth]
 18490 | Lair:6   | Reached XP level 14. HP: 29/96 MP: 10/14
 18864 | Lair:6   | Found a large runed translucent door.
 18865 | Lair:6   | Found a large runed translucent door.
 19166 | Lair:6   | Found the +8 mithril axe "Arga" {speed, MR+}
 19953 | D:11     | Reached skill level 15 in Fighting
 20227 | D:11     | Reached skill level 1 in Axes
 20450 | D:11     | Received a gift from Okawaru
 20810 | D:12     | Found a staircase to the Orcish Mines.
 21749 | D:13     | Found a flagged portal.
 21770 | Bailey   | Entered a bailey
 21812 | Bailey   | Found a burning altar of Makhleb.
 22032 | D:13     | Noticed Rupert
 22058 | D:13     | Killed Rupert
 22106 | D:13     | Noticed Snorg
 22120 | D:13     | Killed Snorg
 22120 | D:13     | Received a gift from Okawaru
 22228 | D:13     | Found a white marble altar of Elyvilon.
 22382 | D:13     | Found a runed translucent door.
 22395 | D:13     | Noticed airin's ghost (journeyman DsWz)
 22396 | D:13     | Found the +2 hat of the Bear Spirit {Spirit, +Rage rN+
                  | MR++}
 22451 | D:13     | HP: 2/98 [airin's ghost (9)]
 22839 | D:13     | Killed airin's ghost
 22848 | D:13     | Identified the Collected Works on the Entourage
 23882 | D:14     | Reached XP level 15. HP: 102/104 MP: 15/15
 23903 | D:14     | Reached skill level 16 in Fighting
 24051 | D:14     | Found a gate to the Vaults.
 24422 | D:15     | Entered Level 15 of the Dungeon
 24557 | D:15     | Reached skill level 5 in Axes
 24605 | D:15     | Received a gift from Okawaru
 24904 | D:15     | Found a staircase to the Depths.
 24971 | D:15     | Found a shattered altar of Ashenzari.
 24990 | D:15     | Found a burning altar of Makhleb.
 25454 | Orc:1    | Entered Level 1 of the Orcish Mines
 25532 | Orc:1    | Noticed Urug
 25543 | Orc:1    | Killed Urug
 25880 | Orc:2    | Entered Level 2 of the Orcish Mines
 25998 | Orc:2    | Found a staircase to the Elven Halls.
 26053 | Orc:2    | Received a gift from Okawaru
 26067 | Orc:2    | Noticed Erolcha
 26081 | Orc:2    | Killed Erolcha
 26110 | Orc:2    | Noticed Saint Roka
 26760 | Orc:1    | Killed Saint Roka
 27319 | Orc:2    | Found Qoikhuith's Armour Emporium.
 27319 | Orc:2    | Found Biucemm's Weapon Shop.
 27321 | Orc:2    | Found Ajul's Antique Weapon Emporium.
 27321 | Orc:2    | Found Vaawiveh's Armour Shop.
 27329 | Orc:2    | Bought a steaming whip for 247 gold pieces
 27329 | Orc:2    | Identified the +4 whip of the Iron City of Dis {slash, +Inv
                  | Int+4 Dex+3} (You bought it in a shop on level 2 of the
                  | Orcish Mines)
 27779 | Spider:1 | Entered Level 1 of the Spider Nest
 27850 | Spider:1 | Found a transporter.
 27895 | Spider:1 | Noticed Louise
 27902 | Spider:1 | Received a gift from Okawaru
 28224 | Spider:1 | Killed Louise
 28267 | Spider:1 | Reached XP level 16. HP: 112/112 MP: 16/16
 28501 | Spider:2 | Reached skill level 17 in Fighting
 29361 | D:9      | Killed Larett's ghost
 30241 | Spider:3 | Received a gift from Okawaru
 30572 | Spider:4 | Entered Level 4 of the Spider Nest
 30761 | Spider:4 | Reached skill level 15 in Armour
 30835 | Spider:4 | Received a gift from Okawaru
 30846 | Spider:4 | Identified the +4 shield "Nuetimuva" {rC- Int+3 Dex+6}
                  | (Okawaru gifted it to you on level 4 of the Spider Nest)
 30927 | Spider:4 | Reached XP level 17. HP: 102/119 MP: 17/17
 31173 | Spider:4 | Reached skill level 18 in Fighting
 32154 | Spider:4 | Received a gift from Okawaru
 32154 | Spider:4 | Reached skill level 10 in Axes
 32176 | Spider:4 | Got a gossamer rune of Zot
 32369 | Shoals:1 | Entered Level 1 of the Shoals
 32437 | Shoals:1 | Identified the Almanac of Dislocated Aid
 32447 | Shoals:1 | Gained mutation: Armour fits poorly on your strangely
                  | shaped body. [potion of mutation]
 32447 | Shoals:1 | Gained mutation: You are frail. (-10% HP) [potion of
                  | mutation]
 32447 | Shoals:1 | Gained mutation: You are clumsy. (Dex -2) [potion of
                  | mutation]
 32447 | Shoals:1 | Gained mutation: You have a pair of small antennae on your
                  | head. [potion of mutation]
 32486 | Shoals:1 | Found Buhioheg's Bounteous Boutique.
 32906 | Shoals:1 | Found Maw Emmo's Food Shop.
 34478 | Shoals:3 | Received a gift from Okawaru
 34709 | Shoals:3 | Reached XP level 18. HP: 113/113 MP: 18/18
 35025 | Shoals:4 | Entered Level 4 of the Shoals
 35450 | Shoals:4 | Noticed Ilsuiw
 35468 | Shoals:4 | Received a gift from Okawaru
 35515 | Shoals:4 | Killed Ilsuiw
 35716 | Shoals:4 | Identified the +7 flail "Orugg" {flame, SInv} (Okawaru
                  | gifted it to you on level 4 of the Shoals)
 35728 | Shoals:4 | Reached skill level 19 in Fighting
 35988 | Shoals:4 | Found Yvaud's Armour Shop.
 35996 | Shoals:4 | Bought the +7 chain mail "Okhlapsao" {Int+2} for 659 gold
                  | pieces
 36790 | Shoals:4 | Got a barnacled rune of Zot
 36922 | Shoals:4 | Received a gift from Okawaru
 37266 | Depths:1 | Entered Level 1 of the Depths
 38167 | Depths:1 | Found a gateway to a ziggurat.
 38189 | Depths:1 | Found a one-way gate to the infinite horrors of the Abyss.
 38209 | Depths:1 | Received a gift from Okawaru
 38324 | Depths:1 | Reached XP level 19. HP: 77/119 MP: 13/19
 38518 | Depths:1 | Noticed a lich
 38539 | Depths:1 | Killed a lich
 38553 | Depths:1 | Noticed Nikola
 38555 | Depths:1 | HP: 4/120 [deep troll (11)]
 38555 | Depths:1 | Mangled by a deep troll earth mage

Vault maps used:
D:1:      elethiomel_arrival_quiet, dk_noncrumbling_4, st_stairs_1
D:2:      gammafunk_temple_overflow_statue, first_ration
D:3:      goddamned_bats
D:4:      lemuel_coloured_pillars_altar, nicolae_overflow_hidden_temple,
          overflow_temple_1_default, led_sif_book
D:5:      nicolae_qazlal_general_emergency, uniq_crazy_yiuf_cottage,
          uniq_grinder
D:6:      kennysheep_mini_moat, minmay_temple_entry_large_hall,
          grunt_ministairs_9, kennysheep_slug_shrine, uniq_edmund
D:7:      ashenzari_conservatory_becter, serial_shops,
          nicolae_shop_window_shopping, uniq_harold
D:8:      hangedman_little_slice_of_home
D:9:      grunt_temple_overflow_opulence,
          grunt_temple_overflow_champion_of_chaos, erik_lair_island,
          gammafunk_ghost_wrathful_warriors
D:10:     serial_undead, serial_undead_d, serial_undead_f, serial_undead_c,
          serial_undead_e, minmay_guarded_unrand_resistance
D:12:     kennysheep_orc_monster_closet_entryway, special_room,
          chequers_serial_rivers_small_3
D:13:     enter_bailey_3, ebering_ghost_reflecting_pool, basic_altar,
          kennysheep_generic_room_9, uniq_snorg, uniq_rupert
D:14:     david_vaults_4, serial_co_window_serial, co_window_cross_1,
          co_window_of_opportunity_a, co_window_paths_a, co_window_paths_a,
          co_window_corner_a, co_window_paths_c, co_window_unsneaky_path_d,
          co_window_corner_b, co_window_unsneaky_path_e, co_window_4corner_a,
          glass_columns_a, glass_columns_c, glass_columns_b,
          minmay_pinched_square
D:15:     hangedman_depths_entry_civil_slaughter, lemuel_tele_altar, basic_altar
Lair:2:   infiniplex_staircase_pool_2
Lair:3:   nicolae_spider_entry_orb_guardian, infiniplex_staircase_pool,
          minmay_lair_oklob_chamber
Lair:4:   minmay_shoals_entry_lonely_mermaid, chequers_serial_rivers_large_a,
          grunt_megastairs_2
Lair:6:   cheibrodos_lair_end_hotspot, slime_altar_1
Shoals:1: serial_shops, shop, nicolae_alphabet_shops,
          nicolae_shoals_seven_spires
Shoals:2: nicolae_shoals_drake_roost
Shoals:4: shoals_end_simple, shoals_ilsuiw_alternative, serial_shops,
          nicolae_shop_behind_doors, nicolae_shoals_arrival_archipelago
Spider:1: gammafunk_its_a_trap, uniq_louise
Spider:4: spider_rune_water, spiders_nest_spider_trap
Orc:1:    uniq_urug
Orc:2:    grunt_orc_tribal_feast, uniq_saint_roka, uniq_erolcha
Depths:1: grunt_bent_corner, enter_ziggurat_a, minmay_misc_feat_columns,
          hell_entry, abyss_entry, serial_shops, nicolae_shop_behind_doors,
          kennysheep_mini, minivault_15, kennysheep_boxes, uniq_nikola
Bailey:   bailey_axe_3, bailey

Skill      XL: |  1  2  3  4  5  6  7  8  9 10 11 12 13 14 15 16 17 18 |
---------------+-------------------------------------------------------+-----
Fighting       | 4 5 6 7 9 10 12 13 14 15 16 17 18 19 | 19.8
Maces & Flails | 3 4 5 6 8 9 11 12 13 | 13.6
Armour         | 4 5 6 7 8 9 10 11 12 14 15 16 17 | 17.6
Shields        | 4 5 7 8 9 10 11 12 13 14 | 14.9
Axes           | 4 7 9 10 12 | 12.3

Action                   |  1- 3 |  4- 6 |  7- 9 | 10-12 | 13-15 | 16-18 | 19-21 || total
-------------------------+-------+-------+-------+-------+-------+-------+-------++-------
Melee: Flail             |   134 |   221 |    90 |   705 |    58 |       |       ||  1208
       Morningstar       |       |     8 |   282 |       |       |       |       ||   290
       Unarmed           |       |       |       |     9 |       |       |       ||     9
       Demon whip        |       |       |       |   262 |   494 |       |       ||   756
       Broad axe         |       |       |       |       |   944 |  1434 |    99 ||  2477
Invok: Heroism           |       |       |       |       |     2 |     3 |     1 ||     6
 Abil: Fly               |       |       |       |       |     1 |       |       ||     1
       Evoke Berserk Rag |       |       |       |       |       |       |     1 ||     1
Evoke: Wand              |       |       |       |     4 |       |       |       ||     4
  Use: Scroll            |     4 |     3 |     8 |    11 |    12 |     9 |     3 ||    50
       Potion            |     2 |     5 |     5 |     3 |     3 |     3 |     1 ||    22
 Stab: Petrified         |       |       |       |     3 |       |       |       ||     3
  Eat: Chunk             |     1 |     5 |     6 |    29 |    35 |    28 |     1 ||   105
       Ration            |       |       |     2 |     1 |     2 |     1 |       ||     6
Armor: Scale mail        |    93 |   194 |   191 |     3 |       |       |       ||   481
       Chain mail        |       |       |       |   509 |   379 |   180 |    55 ||  1123
       Skin              |       |       |       |     3 |       |       |       ||     3
       Plate armour      |       |       |       |       |   343 |   643 |       ||   986
Dodge: Dodged            |    54 |    82 |    95 |   219 |   216 |   258 |    18 ||   942
Block: Shield            |    81 |   137 |   189 |   477 |   894 |  1380 |    98 ||  3256
       Reflection        |       |       |       |       |    18 |    95 |     7 ||   120

Table legend:
 A = Non-vault XP
 B = Vault XP
 C = Vault XP percentage of total XP
 D = Non-vault monster count
 E = Vault monster count
 F = Vault count percentage of total count
                 A         B        C        D         E       F
            +---------+---------+-------+---------+---------+-------
      Total |  190777 |  147691 |  43.6 |     744 |     359 |  32.5
            +---------+---------+-------+---------+---------+-------
        D:1 |      42 |       6 |  12.5 |      22 |       3 |  12.0
        D:2 |      48 |       0 |   0.0 |      22 |       0 |   0.0
        D:3 |     104 |     176 |  62.9 |      17 |      20 |  54.1
        D:4 |     422 |       0 |   0.0 |      17 |       0 |   0.0
        D:5 |     660 |     319 |  32.6 |       8 |       2 |  20.0
        D:6 |     617 |     182 |  22.8 |      18 |       2 |  10.0
        D:7 |    1096 |     965 |  46.8 |      35 |       1 |   2.8
        D:8 |     842 |     165 |  16.4 |      12 |       8 |  40.0
        D:9 |     754 |    4010 |  84.2 |      25 |      15 |  37.5
       D:10 |    2083 |    3996 |  65.7 |      28 |       7 |  20.0
       D:11 |    5144 |       0 |   0.0 |      24 |       0 |   0.0
       D:12 |    2159 |    3422 |  61.3 |      14 |      47 |  77.0
       D:13 |    2062 |    5656 |  73.3 |       8 |       7 |  46.7
       D:14 |    6496 |    7802 |  54.6 |      21 |      18 |  46.2
       D:15 |   13544 |    5504 |  28.9 |      23 |       6 |  20.7
     Lair:1 |    1435 |       0 |   0.0 |       6 |       0 |   0.0
     Lair:2 |    3125 |       0 |   0.0 |      14 |       0 |   0.0
     Lair:3 |    4256 |     740 |  14.8 |      15 |       2 |  11.8
     Lair:4 |    5145 |     725 |  12.4 |      18 |       2 |  10.0
     Lair:5 |    5207 |       0 |   0.0 |      18 |       0 |   0.0
     Lair:6 |   15754 |    9893 |  38.6 |      55 |      27 |  32.9
   Shoals:1 |    7010 |       0 |   0.0 |      14 |       0 |   0.0
   Shoals:2 |   10802 |    1861 |  14.7 |      22 |       7 |  24.1
   Shoals:3 |   15615 |       0 |   0.0 |      29 |       0 |   0.0
   Shoals:4 |   10079 |   26690 |  72.6 |      26 |      41 |  61.2
   Spider:1 |    8411 |    1553 |  15.6 |      23 |       1 |   4.2
   Spider:2 |   10916 |       0 |   0.0 |      29 |       0 |   0.0
   Spider:3 |   12791 |       0 |   0.0 |      33 |       0 |   0.0
   Spider:4 |   22700 |   28609 |  55.8 |      70 |      58 |  45.3
      Orc:1 |    1931 |    6410 |  76.8 |      17 |       3 |  15.0
      Orc:2 |    3122 |   10123 |  76.4 |      33 |      37 |  52.9
   Depths:1 |   16405 |   27264 |  62.4 |      28 |      29 |  50.9
     Bailey |       0 |    1620 | 100.0 |       0 |      16 | 100.0
            +---------+---------+-------+---------+---------+-------
